 Dungeon Crawl Stone Soup version 0.27.0-1-g7a089689b8 (webtiles) character file.

Game seed: 10247145570221464356

53 mainiacjoe the Chucker (level 3, -5/39 HPs)
             Began as an Ogre Hunter on Aug 16, 2021.
             Was a Follower of Makhleb.
             Slain by a gnoll (11 damage)
             ... on level 2 of the Dungeon.
             The game lasted 00:03:27 (1749 turns).

mainiacjoe the Chucker (Ogre Hunter)                Turns: 1749, Time: 00:03:28

Health: -5/39      AC:  3    Str: 16    XL:     3   Next: 87%
Magic:  3/3        EV:  7    Int: 12    God:    Makhleb [*.....]
Gold:   22         SH:  6    Dex: 10    Spells: 2/2 levels left

rFire    . . .     SeeInvis .   b - +0 hunting sling
rCold    . . .     Faith    .   k - +0 kite shield
rNeg     . . .     Spirit   .   j - +0 robe
rPois    .         Reflect  .   (helmet restricted)
rElec    .         Harm     .   (no cloak)
rCorr    .         Rampage  .   (gloves unavailable)
Will     .....                  (boots unavailable)
Stlth    +.........             (no amulet)
HPRegen  0.13/turn              (no ring)
MPRegen  0.08/turn              (no ring)

@: no status effects
A: large, unfitting armour, tough skin 1
a: Renounce Religion


You were on level 2 of the Dungeon.
You worshipped Makhleb.
Makhleb was aware of your devotion.
You visited 1 branch of the dungeon, and saw 2 of its levels.

You collected 66 gold pieces.
You spent 44 gold pieces at shops.

Inventory:

Hand Weapons
 a - a +0 short sword
 b - a +0 hunting sling (weapon)
Missiles
 c - 4 large rocks
 d - 2 throwing nets {=F}
 i - 5 stones (quivered ammo)
Armour
 j - a +0 robe (worn)
 k - a +0 kite shield (worn)
Scrolls
 h - a scroll of teleportation
Potions
 e - a potion of flight {unknown}
 f - a potion of curing {unknown}
 g - a potion of heal wounds {unknown}


   Skills:
 + Level 4.0 Fighting
 + Level 4.6 Throwing
 - Level 2.0 Dodging
 - Level 1.0 Stealth


You had 2 spell levels left.
You didn't know any spells.
Your spell library was empty.

Dungeon Overview and Level Annotations

Branches:
Dungeon (2/15)

Altars:
Makhleb

Shops:
D:1 *


Innate Abilities, Weirdness & Mutations

You are too large for most types of armour.
You have tough skin. (AC +1)


Message History

The gnoll shouts!
You shoot a stone. The stone closely misses the gnoll.
You shoot a stone. The stone closely misses the gnoll.
A gnoll comes into view. It is wielding a +0 halberd.
There is an open door here.
You shoot a stone. The stone hits the gnoll.
The gnoll is lightly wounded.
The gnoll hits you with a +0 club.
You shoot a stone. The stone closely misses the gnoll.
You see here a staff of earth.
You shoot a stone. The stone hits the gnoll.
The gnoll is heavily wounded.
The gnoll hits you with a +0 club.
You shoot a stone. The stone hits the gnoll!
You kill the gnoll!
Makhleb accepts your kill.
The gnoll hits you from afar with a +0 halberd.
Your Fighting skill increases to level 4!
You shoot a stone. The stone hits the gnoll.
The gnoll is heavily wounded.
You block the gnoll's attack. The gnoll barely misses you.
You shoot a stone. The stone hits the gnoll.
The gnoll is severely wounded.
The gnoll hits you from afar with a +0 halberd.
You shoot a stone. The stone hits the gnoll.
The gnoll is almost dead.
You block the gnoll's attack.
The gnoll hits you from afar with a +0 halberd!
You are too injured to fight recklessly!
You are too injured to fight recklessly!
Throw: 5 large rocks
Press: ? - help, Shift-Dir - straight line, f/p - gnoll
Aim: a gnoll, wielding a +0 halberd (severely wounded, 63% to hit)
You throw a large rock. The large rock hits the gnoll.
The gnoll is almost dead.
You hear a shout!
The gnoll hits you from afar with a +0 halberd!
* * * LOW HITPOINT WARNING * * *
The gnoll hits you from afar with a +0 halberd!
You die...

.#...##..#.# .#...##....##..
##...##.##.##.### <## .
#.#............ .....
...#..(........ . .......## #
##.#.##..###..# #. .. ..#.#.#
..........##..# #..#.###.#.#.#
##.#.##..###..####..#.#.......
##.#.##..|....g(@.....#.#.#.###
## ####..##...####............#
# #..##.........##......#.#
#######.............##..#.#.# #
#....##..##.#.#.........#.#.#.#
#....##.......................#
.....##...###.#........##.#.###
.....###..# #.#.#.........#...
.....# #..###.#.#.[....########


You could see a gnoll.

Vanquished Creatures
  A gnoll (D:2)
  An ufetubus (D:2)
  2 dart slugs
  2 ball pythons (D:1)
  4 bats
  4 endoplasms (D:1)
  2 giant cockroaches
  A goblin (D:1)
  4 hobgoblins (D:1)
  5 jackals (D:1)
  A quokka (D:1)
  A frilled lizard (D:1)
  A kobold (D:1)
  A rat (D:1)
30 creatures vanquished.

Notes
Turn   | Place    | Note
-------+----------+-------------------------------------------
     0 | D:1      | mainiacjoe the Ogre Hunter began the quest for the Orb.
     0 | D:1      | Reached XP level 1. HP: 22/22 MP: 1/1
   122 | D:1      | Reached XP level 2. HP: 28/29 MP: 2/2
   124 | D:1      | Reached skill level 1 in Stealth
   407 | D:1      | Found a faded altar of an unknown god.
   554 | D:1      | Reached XP level 3. HP: 27/37 MP: 3/3
   685 | D:1      | Found Qefupsou's General Store.
   695 | D:1      | Bought a scroll of noise for 11 gold pieces
  1048 | D:1      | Bought a scroll of teleportation for 33 gold pieces
  1294 | D:1      | Became a worshipper of Makhleb the Destroyer
  1294 | D:1      | Reached * piety under Makhleb
  1749 | D:2      | Slain by a gnoll

Illustrated notes

Levels and vault maps discovered:
D:1:      minmay_arrival_statue_studded, layout_basic,
          hellmonk_ecumenical_altar_dog_temple, serial_shops, shop
D:2:      layout_basic

Skill      XL: |  1  2  3 |
---------------+----------+-----
Fighting       | 3 4 |  4.0
Dodging        | 2 |  2.0
Stealth        | 1 |  1.0
Throwing       | |  4.6

Action                   || total
-------------------------++-------
Melee: Short sword       ||    86
 Fire: Hunting sling     ||    19
Throw: Large rock        ||     4
Armor: Robe              ||    31
Dodge: Dodged            ||    54
Block: Kite shield       ||     2
